 Dungeon Sprint DCSS version 0.23.0-38-g208d714 (webtiles) character file.

Game seed: 4284370182179289474

3631 Fang the Fighter (level 10, -12/108 HPs)
             Began as a Gargoyle Berserker on Feb 27, 2019.
             Was the Champion of Trog.
             Mangled by a snapping turtle (16 damage)
             ... in the Dungeon (Sprint VII: "The Pits").
             The game lasted 00:02:28 (2103 turns).

Fang the Fighter (Gargoyle Berserker)               Turns: 2103, Time: 00:02:28

Health: -12/108    AC: 24    Str: 28    XL:     10   Next: 11%
Magic:  3/3        EV: 12    Int: 15    God:    Trog [******]
Gold:   0          SH:  0    Dex:  9    Spells: 9/9 levels left

rFire    . . .     SeeInvis .   q - +5 executioner's axe (antimagic)
rCold    . . .     Gourm    .   (shield currently unavailable)
rNeg     + . .     Faith    .   m - +2 plate armour
rPois    ∞         Spirit   .   (no helmet)
rElec    +         Reflect  .   (no cloak)
rCorr    .         Harm     .   (no gloves)
MR       .....     NoTele   +   (no boots)
Stlth    ..........             (no amulet)
HPRegen  0.28/turn              p - +3 ring of intelligence
MPRegen  0.08/turn              o - +3 ring of intelligence

@: berserking (expiring), very quick
A: negative energy resistance 1, electricity resistance, unbreathing,
petrification resistance, rot immunity, AC +7
a: Berserk, Trog's Hand, Brothers in Arms, Renounce Religion


You were in the Dungeon.
You worshipped Trog.
Trog was exalted by your worship.
You were near starving.

You visited 1 branch

Inventory:

Hand Weapons
 q - a +5 antimagic executioner's axe (weapon)
 v - a +2 war axe of freezing
Armour
 m - a +2 plate armour (worn)
Jewellery
 o - a +3 ring of intelligence (right hand)
 p - a +3 ring of intelligence (left hand)
Scrolls
 i - a scroll of blinking
 k - 3 scrolls of remove curse
 l - a scroll of summoning
Potions
 a - 2 potions of invisibility
 d - 9 potions of curing
 e - 9 potions of heal wounds
 f - a potion of haste
 g - 4 potions of magic
 h - 3 potions of berserk rage
 r - 2 potions of might
 s - a potion of agility
 t - a potion of brilliance
 u - 2 potions of resistance
Comestibles
 c - 9 rations


   Skills:
 + Level 12.8 Fighting
 + Level 11.0 Axes
 + Level 12.6 Armour
 + Level 10.0 Dodging


You had 9 spell levels left.
You didn't know any spells.
Your spell library was empty.

Dungeon Overview and Level Annotations

Branches:
Dungeon (1/1)

Altars:


Innate Abilities, Weirdness & Mutations

You are resistant to torment.
Your stone body is resilient. (AC +7)
You are immune to poison.
You resist negative energy. (rN+)
You are resistant to electric shocks. (rElec)
You can survive without breathing.
You are immune to petrification.
You are immune to rotting.


Message History

The two-headed ogre hits you with a +0 giant spiked club.
* * * LOW HITPOINT WARNING * * *
You dice the two-headed ogre like an onion!!!
You kill the two-headed ogre!
Trog accepts your kill.
You have reached level 10!
The snapping turtle bites you from afar!!
* * * LOW HITPOINT WARNING * * *
You slash the crimson imp!
The crimson imp's magic leaks into the air.
The crimson imp is heavily wounded.
The crimson imp hits you but does no damage.
The snapping turtle closely misses you.
You open the crimson imp like a pillowcase!!!
You kill the crimson imp!
Trog accepts your kill.
Your Axes skill increases to level 11!
Your Dodging skill increases to level 10!
The snapping turtle bites you from afar!
You die...

...#..#......#
.............+
.............+
...#..#......#
.............#
'#####''######
....##''################
....##..#.....t).......#
....##..##......@.......
<...##..####...#'######.
....##..#..#####.##
....##..#....##...#
....##..'.....#...#
######..'.....'...+
######..'.....#...#
..[[##..#....##...#
..[[##..#..#####.##


You could see a snapping turtle.

Vanquished Creatures
  A two-headed ogre (D)
  An orc knight (D)
  A deep elf mage (D)
  A kobold demonologist (D)
  An ice devil (D)
  A komodo dragon (D)
  Prince Ribbit (D)
  A fire bat (D)
  Edmund (D)
  A soldier ant (D)
  A warg (D)
  3 wolves (D)
  A big kobold (D)
  A crimson imp (D)
  A quasit (D)
  A hound (D)
  4 river rats (D)
  An ufetubus (D)
  A leopard gecko (D)
  A giant cockroach (D)
  A hobgoblin (D)
  5 jackals (D)
  A kobold (D)
  A quokka (D)
  A ball python (D)
  A leopard gecko zombie (D)
35 creatures vanquished.

Vanquished Creatures (collateral kills)
  Grinder (D)
  3 orc warriors (D)
  2 wolves (D)
  An orc wizard (D)
  2 orcs (D)
9 creatures vanquished.

Grand Total: 44 creatures vanquished

Notes
Turn   | Place    | Note
-------+----------+-------------------------------------------
     0 | D        | Fang the Gargoyle Berserker began the quest for the Orb.
     0 | D        | Reached XP level 1. HP: 14/14 MP: 1/1
    24 | D        | Reached XP level 2. HP: 8/20 MP: 2/2
   290 | D        | Reached ** piety under Trog
   526 | D        | Reached *** piety under Trog
   594 | D        | Reached XP level 3. HP: 6/24 MP: 3/3
   597 | D        | Reached **** piety under Trog
   598 | D        | Reached skill level 5 in Fighting
   598 | D        | Reached XP level 4. HP: 4/31 MP: 4/4
   926 | D        | Noticed a big kobold
   926 | D        | Noticed Edmund
   927 | D        | Noticed a deep elf mage
   932 | D        | Noticed an earth elemental
   934 | D        | Reached skill level 5 in Armour
   937 | D        | Killed Edmund
   937 | D        | Reached skill level 5 in Axes
   937 | D        | Reached skill level 5 in Dodging
   937 | D        | Reached XP level 5. HP: 38/38 MP: 5/5
   946 | D        | Killed a big kobold
   946 | D        | Reached ***** piety under Trog
   946 | D        | Reached XP level 6. HP: 44/44 MP: 6/6
   954 | D        | Killed a deep elf mage
   954 | D        | Received a gift from Trog
   954 | D        | Reached XP level 7. HP: 12/51 MP: 7/7
  1191 | D        | Noticed Prince Ribbit
  1201 | D        | Killed Prince Ribbit
  1201 | D        | Reached XP level 8. HP: 57/57 MP: 8/8
  1207 | D        | Noticed a kobold demonologist
  1215 | D        | Noticed a sixfirhy
  1215 | D        | Killed a kobold demonologist
  1215 | D        | Reached skill level 10 in Fighting
  1215 | D        | Reached skill level 10 in Armour
  1371 | D        | Noticed Grinder
  1371 | D        | Noticed an orc knight
  1384 | D        | Killed an orc knight
  1384 | D        | Reached XP level 9. HP: 64/64 MP: 9/9
  1387 | D        | Reached ****** piety under Trog
  1390 | D        | Received a gift from Trog
  1394 | D        | Reached skill level 10 in Axes
  1396 | D        | Killed Grinder
  1397 | D        | Received a gift from Trog
  1726 | D        | Noticed a komodo dragon
  1732 | D        | Killed a komodo dragon
  2090 | D        | Noticed a two-headed ogre
  2091 | D        | Noticed an ice devil
  2097 | D        | Killed an ice devil
  2101 | D        | Killed a two-headed ogre
  2101 | D        | Reached XP level 10. HP: 21/72 MP: 3/10
  2101 | D        | HP: 3/108 [snapping turtle (18)]
  2103 | D        | Reached skill level 10 in Dodging
  2103 | D        | Mangled by a snapping turtle

Skill      XL: |  1  2  3  4  5  6  7  8  9 10 |
---------------+-------------------------------+-----
Fighting       | 4 5 7 9 11 12 | 12.8
Axes           | 3 4 5 6 7 8 9 10 11 | 11.0
Armour         | 3 4 6 7 9 11 12 | 12.6
Dodging        | 2 3 5 6 7 8 9 10 | 10.0

Action                   |  1- 3 |  4- 6 |  7- 9 | 10-12 || total
-------------------------+-------+-------+-------+-------++-------
Melee: Hand axe          |    33 |    26 |    78 |       ||   137
       Executioner's axe |       |       |    16 |     2 ||    18
Invok: Berserk           |     2 |     1 |     2 |       ||     5
       Brothers in Arms  |       |       |     1 |       ||     1
 Stab: Sleeping          |     1 |       |       |       ||     1
  Eat: Chunk             |       |     1 |     6 |       ||     7
Armor: Animal skin       |    22 |       |       |       ||    22
       Plate armour      |       |    15 |    52 |     1 ||    68
Dodge: Dodged            |    32 |    10 |    55 |     1 ||    98
